[Event "IRI-ch Men Final 2015"]
[Site "Tehran"]
[Date "2016.01.23"]
[Round "5"]
[White "Javanbakht, Nima"]
[Black "Mosadeghpour, Masoud"]
[Result "1-0"]
[ECO "D85"]
[WhiteElo "2422"]
[BlackElo "2475"]
[PlyCount "66"]
[EventDate "2016.??.??"]
[EventCountry "IRI"]
[TimeControl "40/5400+30:1800+30"]

1. Nf3 Nf6 2. c4 g6 3. Nc3 d5 4. cxd5 Nxd5 5. Qb3 Nb6 6. d4 Be6 7. Qc2 Bg7 8.
e4 O-O 9. Be3 c6 10. Rd1 N8d7 11. Be2 Rc8 12. b3 h6 13. O-O f5 14. exf5 Bxf5
15. Qd2 Kh7 16. Rfe1 e6 17. g4 Bxg4 18. Ng5+ hxg5 19. Bxg4 e5 20. Ne4 Nd5 21.
Bxg5 Qc7 22. Qd3 Rf7 23. Qh3+ Kg8 24. Nc5 Nxc5 25. Bxc8 exd4 26. Re8+ Rf8 27.
Rxf8+ Kxf8 28. Re1 Qf7 29. b4 Na6 30. Be6 Nf4 31. Bxf4 Qxf4 32. Qh7 Qf6 33. Bc4
Nb8 1-0

[Event "IRI-ch Men Final 2015"]
[Site "Tehran"]
[Date "2016.01.23"]
[Round "5"]
[White "Noroozi, Omid"]
[Black "Maghsoodloo, Parham"]
[Result "1/2-1/2"]
[ECO "C67"]
[WhiteElo "2399"]
[BlackElo "2450"]
[PlyCount "107"]
[EventDate "2016.??.??"]
[EventCountry "IRI"]
[TimeControl "40/5400+30:1800+30"]

1. e4 e5 2. Nf3 Nc6 3. Bb5 Nf6 4. O-O Nxe4 5. d4 Nd6 6. Bxc6 dxc6 7. dxe5 Nf5
8. Qxd8+ Kxd8 9. h3 Ke8 10. Nc3 Be7 11. Bf4 h5 12. Rfe1 Be6 13. Ne2 Rd8 14. Bg5
h4 15. Nf4 Nd4 16. Nxd4 Rxd4 17. Nxe6 fxe6 18. Be3 Rd5 19. c4 Rxe5 20. Bf4 Rf5
21. Bxc7 Bc5 22. Re2 Rhf8 23. Rf1 Ke7 24. Be5 g5 25. b4 Bxb4 26. Rb1 Bc5 27.
Rxb7+ Ke8 28. Bd6 R8f7 29. Rb8+ Kd7 30. Bxc5 Rxc5 31. Rb7+ Ke8 32. Rxe6+ Kf8
33. Rb8+ Kg7 34. Rc8 Rf6 35. Re7+ Rf7 36. Re4 Rf4 37. Rc7+ Kf6 38. Rxf4+ gxf4
39. Rxa7 Rxc4 40. Kf1 Kf5 41. Ke2 Rc2+ 42. Kf3 Rc3+ 43. Ke2 Rc2+ 44. Ke1 c5 45.
a4 Ke4 46. a5 c4 47. a6 Ra2 48. Re7+ Kd3 49. Rd7+ Kc3 50. a7 Kb3 51. Rb7+ Kc3
52. Kd1 Kd3 53. Rd7+ Kc3 54. Rb7 1/2-1/2

[Event "IRI-ch Men Final 2015"]
[Site "Tehran"]
[Date "2016.01.23"]
[Round "5"]
[White "Darini, Pouria"]
[Black "Ghaem Maghami, Ehsan"]
[Result "0-1"]
[ECO "E46"]
[WhiteElo "2474"]
[BlackElo "2594"]
[PlyCount "90"]
[EventDate "2016.??.??"]
[EventCountry "IRI"]
[TimeControl "40/5400+30:1800+30"]

1. d4 Nf6 2. c4 e6 3. Nc3 Bb4 4. e3 O-O 5. Nge2 Re8 6. a3 Bf8 7. Nf4 d5 8. b4
c6 9. Bb2 Nbd7 10. Rc1 Bd6 11. g3 Qe7 12. c5 Bc7 13. Bg2 e5 14. Nfe2 e4 15. h3
Nf8 16. Nf4 h6 17. Bf1 Bf5 18. Be2 Qd7 19. g4 Bh7 20. Qd2 Ne6 21. Nxe6 Qxe6 22.
Rg1 Nd7 23. Kd1 f5 24. gxf5 Bxf5 25. h4 Rf8 26. Kc2 Nf6 27. Kb3 Bg4 28. Qd1 h5
29. Rg2 Rf7 30. Qc2 Raf8 31. Rcg1 Bxe2 32. Qxe2 Ng4 33. Nd1 Rf3 34. Rh1 Qf7 35.
Bc3 Nxf2 36. Nxf2 Rxf2 37. Rxf2 Qxf2 38. Qxh5 Qxe3 39. Qg6 Rf3 40. Qe8+ Kh7 41.
Qh5+ Qh6 42. Qg4 Qg6 43. Qd7 Qg3 44. Rc1 Bf4 45. Rc2 Bd2 0-1

[Event "IRI-ch Men Final 2015"]
[Site "Tehran"]
[Date "2016.01.23"]
[Round "5"]
[White "Khamisi, S Jafar"]
[Black "Mousavi, Seyed Khalil"]
[Result "0-1"]
[ECO "C09"]
[WhiteElo "2279"]
[BlackElo "2425"]
[PlyCount "68"]
[EventDate "2016.??.??"]
[EventCountry "IRI"]
[TimeControl "40/5400+30:1800+30"]

1. e4 e6 2. d4 d5 3. Nd2 c5 4. Ngf3 Nc6 5. exd5 exd5 6. Bb5 Bd6 7. dxc5 Bxc5 8.
Nb3 Bd6 9. O-O Nge7 10. Re1 O-O 11. Bd3 Re8 12. c3 h6 13. h3 Bc7 14. Bc2 Bf5
15. Be3 Rc8 16. Nbd4 Be4 17. Ba4 a6 18. Nxc6 Nxc6 19. Nd2 Qd6 20. Nf1 b5 21.
Bb3 Rcd8 22. f3 Bf5 23. Bf2 Ne5 24. Qd4 Qg6 25. Kh1 Nxf3 26. Rxe8+ Rxe8 27.
Qxd5 Be4 28. Qxf7+ Qxf7 29. Bxf7+ Kxf7 30. gxf3 Bxf3+ 31. Kg1 Re2 32. Re1 Rxb2
33. Re3 Bc6 34. Rd3 Rxa2 0-1

[Event "IRI-ch Men Final 2015"]
[Site "Tehran"]
[Date "2016.01.23"]
[Round "5"]
[White "Lorparizangeneh, Shahin"]
[Black "Firouzja, Alireza"]
[Result "1/2-1/2"]
[ECO "E94"]
[WhiteElo "2442"]
[BlackElo "2455"]
[PlyCount "131"]
[EventDate "2016.??.??"]
[EventCountry "IRI"]
[TimeControl "40/5400+30:1800+30"]

1. Nf3 Nf6 2. c4 g6 3. Nc3 Bg7 4. e4 d6 5. d4 O-O 6. Be2 e5 7. O-O Nc6 8. Be3
exd4 9. Nxd4 Re8 10. f3 Nh5 11. Nc2 f5 12. Qd2 Nf6 13. Bg5 Ne5 14. c5 Kh8 15.
cxd6 cxd6 16. exf5 Bxf5 17. Bb5 Rf8 18. Nd4 Bc8 19. Nd5 a6 20. Be2 Bd7 21. Rac1
Nc6 22. Nxf6 Bxf6 23. Bxf6+ Qxf6 24. Rfd1 d5 25. Nxc6 bxc6 26. Qd4 Kg7 27. Rc5
a5 28. b3 Qxd4+ 29. Rxd4 Ra7 30. Ra4 Rfa8 31. Kf2 Kf6 32. Ke3 Ke5 33. Bd3 Kd6
34. Kd4 Kc7 35. Rc1 Kb6 36. Ke5 Re8+ 37. Kf6 c5 38. Rh4 Re6+ 39. Kg5 Re3 40.
Rd1 Bc6 41. Rd2 a4 42. f4 Ka5 43. f5 gxf5 44. Bxf5 axb3 45. axb3 Rxb3 46. Rxh7
Rxh7 47. Bxh7 c4 48. h4 Rb7 49. Bf5 c3 50. Ra2+ Kb4 51. h5 d4 52. h6 Bb5 53. h7
Rb8 54. Ra1 Rh8 55. Kh6 Bc4 56. g4 d3 57. g5 c2 58. g6 Kc3 59. Kg7 Rd8 60. h8=Q
Rxh8 61. Kxh8 d2 62. Bxc2 Kxc2 63. g7 d1=Q 64. Rxd1 Kxd1 65. g8=R Bxg8 66. Kxg8
1/2-1/2

[Event "IRI-ch Men Final 2015"]
[Site "Tehran"]
[Date "2016.01.23"]
[Round "6"]
[White "Firouzja, Alireza"]
[Black "Gholami, Aryan"]
[Result "1/2-1/2"]
[ECO "B43"]
[WhiteElo "2455"]
[BlackElo "2398"]
[PlyCount "91"]
[EventDate "2016.??.??"]
[EventCountry "IRI"]
[TimeControl "40/5400+30:1800+30"]

1. e4 c5 2. Nf3 e6 3. d4 cxd4 4. Nxd4 a6 5. Nc3 Qc7 6. Qf3 Nc6 7. Be3 Bd6 8.
Nxc6 bxc6 9. O-O-O Be5 10. Bd4 Bxd4 11. Rxd4 Nf6 12. Qg3 Qxg3 13. hxg3 d5 14.
exd5 exd5 15. f3 O-O 16. g4 h6 17. Na4 Be6 18. Nc5 a5 19. Bd3 Rfe8 20. Re1 Kf8
21. Ra4 Ke7 22. Nb3 Kd6 23. Rxa5 Nd7 24. Rxa8 Rxa8 25. a3 c5 26. Bf1 Kc6 27.
Nd2 Nb6 28. Nb1 d4 29. b3 Nd5 30. a4 Ne3 31. Bb5+ Kd6 32. g3 c4 33. bxc4 Bxc4
34. Bxc4 Nxc4 35. Re4 Kc5 36. Nd2 Nxd2 37. Kxd2 Rxa4 38. Re7 Ra3 39. Rxf7 g5
40. Rf6 Rc3 41. Rxh6 Rxf3 42. Rg6 Rxg3 43. Rxg5+ Kc4 44. Rg8 Rg2+ 45. Kc1 Kc3
46. Rc8+ 1/2-1/2

[Event "IRI-ch Men Final 2015"]
[Site "Tehran"]
[Date "2016.01.23"]
[Round "6"]
[White "Mosadeghpour, Masoud"]
[Black "Ghaem Maghami, Ehsan"]
[Result "1/2-1/2"]
[ECO "B22"]
[WhiteElo "2475"]
[BlackElo "2594"]
[PlyCount "24"]
[EventDate "2016.??.??"]
[EventCountry "IRI"]
[TimeControl "40/5400+30:1800+30"]

1. e4 c5 2. Nf3 Nc6 3. d4 cxd4 4. c3 Nf6 5. e5 Nd5 6. Bc4 Nb6 7. Bb3 g6 8. cxd4
Bg7 9. Bf4 O-O 10. O-O d6 11. exd6 exd6 12. h3 d5 1/2-1/2

[Event "IRI-ch Men Final 2015"]
[Site "Tehran"]
[Date "2016.01.23"]
[Round "6"]
[White "Bagheri, Maziar"]
[Black "Noroozi, Omid"]
[Result "0-1"]
[ECO "D43"]
[WhiteElo "2262"]
[BlackElo "2399"]
[PlyCount "106"]
[EventDate "2016.??.??"]
[EventCountry "IRI"]
[TimeControl "40/5400+30:1800+30"]

1. Nf3 d5 2. d4 Nf6 3. c4 c6 4. Nc3 e6 5. Bg5 h6 6. Bxf6 Qxf6 7. Qb3 dxc4 8.
Qxc4 Nd7 9. g3 Qe7 10. Bg2 Qb4 11. Qxb4 Bxb4 12. a3 Bd6 13. O-O-O O-O 14. Nd2
Bc7 15. f4 Rd8 16. Nb3 Nf6 17. Bf3 Rb8 18. Rhe1 Bd7 19. Nc5 Bc8 20. Nb3 Kf8 21.
e3 Bd7 22. Nc5 Bc8 23. Nd3 Bd7 24. Ne5 Be8 25. h4 Nd5 26. e4 Nb6 27. b3 c5 28.
d5 Bxe5 29. fxe5 Nd7 30. Rf1 Nxe5 31. Be2 Ke7 32. a4 Rbc8 33. Kc2 Rd6 34. a5 a6
35. Bc4 Ng4 36. Rde1 e5 37. Be2 Ne3+ 38. Kd2 Nxf1+ 39. Rxf1 Bd7 40. Nd1 b5 41.
Ne3 g6 42. Bg4 h5 43. Bxd7 Rxd7 44. g4 Rh8 45. g5 Rd6 46. Rc1 Rc8 47. Nd1 f5
48. Ke3 Rdd8 49. Rc3 Kd6 50. Nf2 Rf8 51. Ke2 fxe4 52. Nxe4+ Kxd5 53. Ke3 c4 0-1

[Event "IRI-ch Men Final 2015"]
[Site "Tehran"]
[Date "2016.01.23"]
[Round "6"]
[White "Javanbakht, Nima"]
[Black "Khamisi, S Jafar"]
[Result "1-0"]
[ECO "A12"]
[WhiteElo "2422"]
[BlackElo "2279"]
[PlyCount "109"]
[EventDate "2016.??.??"]
[EventCountry "IRI"]
[TimeControl "40/5400+30:1800+30"]

1. Nf3 d5 2. g3 Nf6 3. Bg2 c6 4. O-O Bf5 5. d3 h6 6. Nbd2 e6 7. b3 Be7 8. Bb2
O-O 9. c4 Nbd7 10. Rc1 a5 11. a3 Re8 12. Rc2 Bf8 13. Qa1 Bh7 14. Re1 Qb6 15. h3
Bc5 16. Rf1 Nh5 17. Ne5 Nxe5 18. Bxe5 f6 19. Bf3 fxe5 20. Bxh5 Bd4 21. Qc1 Rf8
22. c5 Qd8 23. Nf3 Qf6 24. e3 Bxc5 25. Rxc5 Bxd3 26. Nh4 Bxf1 27. Qxf1 e4 28.
Ng6 Rf7 29. Nf4 Re7 30. Qe1 e5 31. Ng6 Rf7 32. Nxe5 Qxe5 33. Bxf7+ Kxf7 34.
Rxa5 Qb8 35. Rxa8 Qxa8 36. Qb4 Ke6 37. a4 Kf7 38. Qb6 Qa6 39. Qc7+ Kf6 40. g4
Kg6 41. Kg2 Qe2 42. Qxb7 Qf3+ 43. Kg1 Qd1+ 44. Kh2 Qc2 45. Kg2 Kh7 46. Qd7 Qxb3
47. Qxc6 Qd1 48. Qd7 Qf3+ 49. Kg1 Qd1+ 50. Kh2 Qd2 51. Qf5+ Kh8 52. Kg2 Qa2 53.
Qc8+ Kh7 54. Qd7 Qd2 55. h4 1-0

[Event "IRI-ch Men Final 2015"]
[Site "Tehran"]
[Date "2016.01.23"]
[Round "6"]
[White "Maghsoodloo, Parham"]
[Black "Darini, Pouria"]
[Result "1-0"]
[ECO "E32"]
[WhiteElo "2450"]
[BlackElo "2474"]
[PlyCount "69"]
[EventDate "2016.??.??"]
[EventCountry "IRI"]
[TimeControl "40/5400+30:1800+30"]

1. d4 Nf6 2. c4 e6 3. Nc3 Bb4 4. Qc2 O-O 5. e3 b6 6. Nge2 Bb7 7. a3 Be7 8. Nf4
d5 9. cxd5 exd5 10. Be2 Bd6 11. O-O c5 12. Rd1 Nc6 13. dxc5 Bxf4 14. exf4 bxc5
15. Be3 d4 16. Na4 Qe7 17. Bc1 Rfe8 18. Bd3 Rac8 19. Bd2 Nb8 20. Re1 Qf8 21.
Rxe8 Qxe8 22. Nxc5 Bxg2 23. Kxg2 Qc6+ 24. Ne4 Qxc2 25. Bxc2 Rxc2 26. Rc1 Rxc1
27. Nxf6+ gxf6 28. Bxc1 Nd7 29. b4 Nb6 30. Kf3 Nd5 31. Ke4 Nc3+ 32. Kd3 f5 33.
Bd2 Nb1 34. a4 Kf8 35. b5 1-0

[Event "IRI-ch Men Final 2015"]
[Site "Tehran"]
[Date "2016.01.23"]
[Round "6"]
[White "Mousavi, Seyed Khalil"]
[Black "Lorparizangeneh, Shahin"]
[Result "1-0"]
[ECO "A37"]
[WhiteElo "2425"]
[BlackElo "2442"]
[PlyCount "71"]
[EventDate "2016.??.??"]
[EventCountry "IRI"]
[TimeControl "40/5400+30:1800+30"]

1. Nf3 c5 2. c4 Nc6 3. g3 g6 4. Bg2 Bg7 5. O-O e6 6. Nc3 Nge7 7. d3 O-O 8. Bf4
d5 9. cxd5 exd5 10. Qd2 b6 11. e4 dxe4 12. Nxe4 Ba6 13. Rfd1 Nf5 14. h4 Ncd4
15. Rab1 Ne6 16. Be5 f6 17. Bc3 Bh6 18. Qe1 Ned4 19. Nxd4 cxd4 20. Bd2 Bxd2 21.
Qxd2 Rc8 22. Rbc1 Qe7 23. Re1 Rxc1 24. Rxc1 Rc8 25. Re1 Qf8 26. Bh3 Kg7 27. h5
Re8 28. Rc1 Rc8 29. h6+ Kf7 30. Rxc8 Bxc8 31. Qf4 g5 32. Qc7+ Kg6 33. Qb8 Ne7
34. Be6 Kxh6 35. Nd6 Nc6 36. Nf5+ 1-0

[Event "IRI-ch Men Final 2015"]
[Site "Tehran"]
[Date "2016.01.24"]
[Round "7"]
[White "Gholami, Aryan"]
[Black "Mousavi, Seyed Khalil"]
[Result "1/2-1/2"]
[ECO "D40"]
[WhiteElo "2398"]
[BlackElo "2425"]
[PlyCount "164"]
[EventDate "2016.??.??"]
[EventCountry "IRI"]
[TimeControl "40/5400+30:1800+30"]

1. d4 d5 2. Nf3 Nf6 3. c4 dxc4 4. e3 e6 5. Bxc4 c5 6. O-O a6 7. a3 b5 8. Bd3
cxd4 9. exd4 Be7 10. Nc3 Bb7 11. Qe2 O-O 12. Be3 Nbd7 13. Rac1 Nb6 14. Ne5 Rc8
15. Rfd1 Nbd5 16. Nxd5 Qxd5 17. f3 Qd6 18. Bf2 Nd5 19. Rxc8 Rxc8 20. Bb1 b4 21.
Nd3 Nf4 22. Nxf4 Qxf4 23. axb4 Bxb4 24. Be4 Bxe4 25. Qxe4 Qc1 26. Qd3 h6 27.
Rxc1 Rxc1+ 28. Be1 Bxe1 29. g4 Bc3+ 30. Kg2 Bxb2 31. Qxa6 g5 32. Qd3 Rc8 33. d5
exd5 34. Qxd5 Bc1 35. h3 Bf4 36. Qf5 Re8 37. Kf2 Re5 38. Qc8+ Kg7 39. Qc3 Kg6
40. Qc2+ Kg7 41. Qc3 Kf8 42. Qc8+ Re8 43. Qc6 Re6 44. Qc2 Ke7 45. Qc5+ Rd6 46.
Ke1 Kf6 47. Qf5+ Kg7 48. Qc8 Rd3 49. Qc6 Rb3 50. Kf1 Rb1+ 51. Kg2 Rb2+ 52. Kf1
Be5 53. Qe4 Bf6 54. Kg1 Rd2 55. Qe1 Bc3 56. Qe4 Bf6 57. Qe1 Rb2 58. Qe4 Rb5 59.
Qc4 Rb6 60. Qe4 Rd6 61. Qc2 Rd4 62. Kg2 Be5 63. Qf5 Rd2+ 64. Kf1 Bd4 65. Qe4
Bf6 66. Kg1 Rd4 67. Qc2 Rb4 68. Qd3 Rd4 69. Qc2 Rf4 70. Qd3 Ra4 71. Kg2 Ra1 72.
Qe4 Ra2+ 73. Kg1 Rd2 74. Qe1 Rd4 75. Qb1 Rd6 76. Qe4 Re6 77. Qd3 Be5 78. Kf1
Rd6 79. Qe4 Bf4 80. Qc4 Kf6 81. Qc2 Ke5 82. Qe4+ Kf6 1/2-1/2

[Event "IRI-ch Men Final 2015"]
[Site "Tehran"]
[Date "2016.01.24"]
[Round "7"]
[White "Ghaem Maghami, Ehsan"]
[Black "Maghsoodloo, Parham"]
[Result "0-1"]
[ECO "E94"]
[WhiteElo "2594"]
[BlackElo "2450"]
[PlyCount "158"]
[EventDate "2016.??.??"]
[EventCountry "IRI"]
[TimeControl "40/5400+30:1800+30"]

1. Nf3 Nf6 2. c4 g6 3. Nc3 Bg7 4. e4 d6 5. d4 O-O 6. Be2 e5 7. Be3 Nbd7 8. O-O
c6 9. d5 c5 10. a3 Kh8 11. b4 Ng4 12. Bg5 f6 13. Bd2 Nh6 14. Qc1 Nf7 15. Qc2
Bh6 16. Bd3 Bxd2 17. Qxd2 a5 18. Na4 Qc7 19. Rfb1 axb4 20. axb4 Re8 21. Qb2 Kg7
22. Nd2 Re7 23. Ra3 Ra6 24. Rba1 cxb4 25. Qxb4 Nc5 26. Bc2 Bd7 27. Nxc5 dxc5
28. Qb2 Rxa3 29. Rxa3 Nd6 30. Bd3 Re8 31. h3 Rb8 32. Ra7 Nc8 33. Ra3 b6 34. Qa1
Rb7 35. Nb1 Ra7 36. Rxa7 Qxa7 37. Qxa7 Nxa7 38. Nc3 Nc8 39. Kf1 Nd6 40. g4 Kf7
41. Ke2 Ke7 42. Kd2 Kd8 43. Be2 Kc7 44. Kc2 h6 45. h4 Kd8 46. Kd3 f5 47. f4
exf4 48. gxf5 Nf7 49. fxg6 Ne5+ 50. Kd2 Nxg6 51. Bh5 Ne5 52. Ne2 f3 53. Ng3
Nxc4+ 54. Kd3 Ne5+ 55. Ke3 Ke7 56. Bxf3 b5 57. Be2 b4 58. Nf1 Kd6 59. Nd2 Bg4
60. Bb5 Bd1 61. Bc4 Bc2 62. Bb5 h5 63. Bc4 Ke7 64. Bb5 Kf6 65. Bc4 Bd1 66. Bb5
b3 67. Ba4 b2 68. Bxd1 Nc4+ 69. Nxc4 b1=Q 70. Be2 Qg1+ 71. Kf3 Qg4+ 72. Ke3
Qxh4 73. e5+ Kg5 74. d6 Qf4+ 75. Kd3 h4 76. Nd2 Qf5+ 77. Ke3 Qxe5+ 78. Ne4+ Kf5
79. Bd3 Qd4+ {Kxd4 Ke5} 0-1

[Event "IRI-ch Men Final 2015"]
[Site "Tehran"]
[Date "2016.01.24"]
[Round "7"]
[White "Noroozi, Omid"]
[Black "Firouzja, Alireza"]
[Result "1/2-1/2"]
[ECO "B90"]
[WhiteElo "2399"]
[BlackElo "2455"]
[PlyCount "81"]
[EventDate "2016.??.??"]
[EventCountry "IRI"]
[TimeControl "40/5400+30:1800+30"]

1. e4 c5 2. Nf3 d6 3. d4 cxd4 4. Nxd4 Nf6 5. Nc3 a6 6. Be3 Ng4 7. Bc1 Nf6 8. f3
e5 9. Nb3 Be6 10. Be3 Be7 11. Qd2 O-O 12. Nd5 Nxd5 13. exd5 Bf5 14. c4 Nd7 15.
Na5 Qc7 16. Be2 Bh4+ 17. g3 Bd8 18. b4 Bh3 19. Rc1 Qb8 20. Nb3 b6 21. Kf2 f5
22. Rhd1 a5 23. a3 axb4 24. axb4 f4 25. gxf4 Ra3 26. Qb2 exf4 27. Bd4 Rf5 28.
Bd3 Bh4+ 29. Ke2 Rg5 30. Rg1 Qa8 31. Rxg5 Bxg5 32. Ra1 Qe8+ 33. Kd2 Rxa1 34.
Qxa1 Bf6 35. Bxf6 Qe3+ 36. Kc3 gxf6 37. Qa8+ Kg7 38. Nd4 Qe1+ 39. Kc2 Qf2+ 40.
Kc3 Qe1+ 41. Kc2 1/2-1/2

[Event "IRI-ch Men Final 2015"]
[Site "Tehran"]
[Date "2016.01.24"]
[Round "7"]
[White "Darini, Pouria"]
[Black "Bagheri, Maziar"]
[Result "1-0"]
[ECO "C58"]
[WhiteElo "2474"]
[BlackElo "2262"]
[PlyCount "55"]
[EventDate "2016.??.??"]
[EventCountry "IRI"]
[TimeControl "40/5400+30:1800+30"]

1. e4 e5 2. Nf3 Nc6 3. Bc4 Nf6 4. Ng5 d5 5. exd5 Na5 6. Bb5+ c6 7. dxc6 bxc6 8.
Bd3 h6 9. Ne4 Nd5 10. Ng3 g6 11. O-O Bg7 12. Be2 O-O 13. d3 Nb7 14. Nd2 Nc5 15.
Re1 Qc7 16. Nb3 Ne6 17. Ne4 a5 18. a4 c5 19. Bf3 Bb7 20. Bd2 Rfd8 21. Nc3 Nxc3
22. Bxc3 Bxf3 23. Qxf3 Nd4 24. Qd1 Nxb3 25. cxb3 Qd6 26. Re3 e4 27. Rxe4 Qxd3
28. Re8+ 1-0

[Event "IRI-ch Men Final 2015"]
[Site "Tehran"]
[Date "2016.01.24"]
[Round "7"]
[White "Khamisi, S Jafar"]
[Black "Mosadeghpour, Masoud"]
[Result "0-1"]
[ECO "C24"]
[WhiteElo "2279"]
[BlackElo "2475"]
[PlyCount "82"]
[EventDate "2016.??.??"]
[EventCountry "IRI"]
[TimeControl "40/5400+30:1800+30"]

1. e4 e5 2. Bc4 Nf6 3. d3 Be7 4. Nf3 d6 5. Bb3 O-O 6. O-O Nbd7 7. c3 c6 8. Re1
Qc7 9. d4 a5 10. Nbd2 b5 11. Nf1 a4 12. Bc2 Re8 13. Bg5 h6 14. Bh4 Bf8 15. Bd3
g6 16. Qc2 Bg7 17. Bg3 Nh5 18. Ne3 Bb7 19. dxe5 dxe5 20. b4 axb3 21. axb3 Qb6
22. Nd2 Bf8 23. b4 Rac8 24. Ra5 Be7 25. Nb3 Red8 26. Bf1 Nxg3 27. hxg3 Nf6 28.
Rea1 Rc7 29. c4 Bc8 30. c5 Qb7 31. Be2 Be6 32. Bf3 Qc8 33. Ra7 Ne8 34. R1a6 Bg5
35. Nf1 Rxa7 36. Rxa7 Nc7 37. Na5 Na6 38. Qc3 Rd4 39. Qa1 Nxb4 40. Nb7 Nc2 41.
Qb2 Qb8 0-1

[Event "IRI-ch Men Final 2015"]
[Site "Tehran"]
[Date "2016.01.24"]
[Round "7"]
[White "Lorparizangeneh, Shahin"]
[Black "Javanbakht, Nima"]
[Result "1-0"]
[ECO "D35"]
[WhiteElo "2442"]
[BlackElo "2422"]
[PlyCount "67"]
[EventDate "2016.??.??"]
[EventCountry "IRI"]
[TimeControl "40/5400+30:1800+30"]

1. d4 d5 2. c4 e6 3. Nc3 Be7 4. cxd5 exd5 5. Bf4 Nf6 6. e3 Bf5 7. Qb3 Nc6 8. g4
Bg6 9. g5 Nh5 10. Qxb7 Nb4 11. Bxc7 Qc8 12. Bb5+ Kf8 13. Bc6 Nxc6 14. Qxc6 Rb8
15. Nxd5 Be4 16. Nxe7 Bxc6 17. Nxc8 Rxc8 18. Bd6+ Ke8 19. f3 h6 20. h4 Kd7 21.
Bc5 hxg5 22. hxg5 Ng3 23. Rxh8 Rxh8 24. e4 Rh2 25. d5 Ba4 26. b3 Bb5 27. a4 Ba6
28. b4 Bc4 29. Bxa7 Ne2 30. Nxe2 Rxe2+ 31. Kd1 Rb2 32. Bc5 Be2+ 33. Kc1 Rb3 34.
Kd2 1-0

[Event "IRI-ch Men Final 2015"]
[Site "Tehran"]
[Date "2016.01.25"]
[Round "8"]
[White "Bagheri, Maziar"]
[Black "Ghaem Maghami, Ehsan"]
[Result "0-1"]
[ECO "A17"]
[WhiteElo "2262"]
[BlackElo "2594"]
[PlyCount "98"]
[EventDate "2016.??.??"]
[EventCountry "IRI"]
[TimeControl "40/5400+30:1800+30"]

1. Nf3 Nf6 2. c4 e6 3. Nc3 Bb4 4. g3 O-O 5. Bg2 d5 6. O-O dxc4 7. Qa4 Na6 8. a3 Bd7 9. Qc2 Bd6 10. d4 cxd3 11. exd3 c6 12. d4 Nc7 13. Na4 Ncd5 14. Ne5 Qc7 15. Re1 Rac8 16. Nc5 b6 17. Ncd3 c5 18. dxc5 bxc5 19. Nc4 Be7 20. Nde5 Bb5 21. Bd2 Nd7 22. Ba5 Qb7 23. Rad1 Nxe5 24. Nxe5 Qa6 25. Qd2 Bd8 26. Bxd8 Rfxd8 27. Qc1 Qb6 28. b3 Qc7 29. Be4 Nf6 30. Bf3 Rxd1 31. Qxd1 c4 32. bxc4 Bxc4 33. Nxc4 Qxc4 34. Kg2 Qc2 35. Qd6 Qc5 36. Qa6 Rb8 37. Qd3 g6 38. Re2 Rc8 39. a4 Qc4 40. Qa3 Qc5 41. Qa1 Qc3 42. Qb1 Kg7 43. h4 Rc4 44. Qa2 Qd4 45. Qa3 Rxa4 46. Qe7 Qd7 47. Qxd7 Nxd7 48. Bc6 Rd4 49. Ra2 Ne5 0-1

[Event "IRI-ch Men Final 2015"]
[Site "Tehran"]
[Date "2016.01.25"]
[Round "8"]
[White "Firouzja, Alireza"]
[Black "Darini, Pouria"]
[Result "1/2-1/2"]
[ECO "B92"]
[WhiteElo "2455"]
[BlackElo "2474"]
[PlyCount "83"]
[EventDate "2016.??.??"]
[EventCountry "IRI"]
[TimeControl "40/5400+30:1800+30"]

1. e4 c5 2. Nf3 d6 3. d4 cxd4 4. Nxd4 Nf6 5. Nc3 a6 6. Be2 e5 7. Nb3 Be7 8. g4 h6 9. h4 Be6 10. Bf3 g6 11. h5 gxh5 12. gxh5 Nbd7 13. a4 Nb6 14. a5 Nc4 15. Qd3 Rc8 16. Bg2 Rg8 17. Bh3 Qd7 18.
Nd2 Nxd2 19. Bxe6 Qxe6 20. Bxd2 Qg4 21. Bxh6 Rh8 22. Be3 Rxh5 23. Kd2 Rxh1 24. Rxh1 Qe6 25. Na4 Bd8 26. Bb6 Ke7 27. Bxd8+ Rxd8 28. c4 Qg4 29. Nc3 Qg2 30. Rf1 Rh8 31. Kc1 Rh3 32. f3 Rh2 33. Nd1 Nd7 34. Rf2 Qg5+ 35. f4 Nc5 36. Qd5 Qg1 37. fxe5 Rxf2 38. Qxd6+ Ke8 39. Qb8+ Kd7 40. Qd6+ Ke8 41.
Qb8+ Ke7 42. Qd6+ 1/2-1/2

[Event "IRI-ch Men Final 2015"]
[Site "Tehran"]
[Date "2016.01.25"]
[Round "8"]
[White "Javanbakht, Nima"]
[Black "Gholami, Aryan"]
[Result "1/2-1/2"]
[ECO "E04"]
[WhiteElo "2422"]
[BlackElo "2398"]
[PlyCount "31"]
[EventDate "2016.??.??"]
[EventCountry "IRI"]
[TimeControl "40/5400+30:1800+30"]

1. Nf3 d5 2. c4 e6 3. g3 Nf6 4. d4 dxc4 5. Bg2 Nc6 6. O-O a6 7. Bg5 Be7 8. e3 Bd7 9. Qe2 b5 10. b3 cxb3 11. axb3 O-O 12. Nbd2 Nd5 13. Bxe7 Qxe7 14. Ne4 Rfb8 15. Nc5 a5 16. Rfc1 1/2-1/2

[Event "IRI-ch Men Final 2015"]
[Site "Tehran"]
[Date "2016.01.25"]
[Round "8"]
[White "Khamisi, S Jafar"]
[Black "Lorparizangeneh, Shahin"]
[Result "0-1"]
[ECO "C60"]
[WhiteElo "2279"]
[BlackElo "2442"]
[PlyCount "61"]
[EventDate "2016.??.??"]
[EventCountry "IRI"]
[TimeControl "40/5400+30:1800+30"]

1. e4 e5 2. Nf3 Nc6 3. Bb5 Nge7 4. O-O g6 5. c3 a6 6. Ba4 Bg7 7. d4 exd4 8. cxd4 O-O 9. Nc3 b5 10. Bc2 d6 11. h3 Na5 12. Bf4 Bb7 13.
Ne2 Qd7 14. Ng3 Nc4 15. b3 Na3 16. Bd3 Nc6 17. Be2 b4 18.
Rc1 Nb5 19. Bxb5 axb5 20. Qd2 f5 21. exf5 Ne7 22. Nh4 Nd5 23.
Bg5 gxf5 24. Rfe1 f4 25. Nh5 Qf7 26. Nxf4 Nxf4 27. Re7 Nxh3+ 28. gxh3 Qd5 29. Kh2 Bxd4 30. Be3 Be5+ 31. Rxe5
0-1

[Event "IRI-ch Men Final 2015"]
[Site "Tehran"]
[Date "2016.01.25"]
[Round "8"]
[White "Mosadeghpour, Masoud"]
[Black "Maghsoodloo, Parham"]
[Result "0-1"]
[ECO "B08"]
[WhiteElo "2475"]
[BlackElo "2450"]
[PlyCount "92"]
[EventDate "2016.??.??"]
[EventCountry "IRI"]
[TimeControl "40/5400+30:1800+30"]

1. e4 d6 2. d4 Nf6 3. Nc3 g6 4. Nf3 Bg7 5. Be2 O-O 6. O-O a6 7. Bf4 Nc6 8. h3 b5 9. a3 Bb7 10. d5 Nb8 11. Qd2 c6 12. dxc6 Nxc6 13. Bh6 Rc8 14. Rad1 Ne5 15. Bxg7 Kxg7 16. Qe3 Qa5 17. Nd2 Ned7 18. Nb3 Qb6 19. Qxb6 Nxb6 20. Rd4 Rc7 21. Na5 Ba8 22. a4 bxa4 23. Rb4 Nfd7 24. Ra1 Rc5 25. Nc4 Nxc4 26. Rxc4 Rb8 27. Rxc5 Nxc5 28. Nxa4 Bxe4 29. Nxc5 dxc5 30. Ra5 Rxb2 31. Rxc5 Ra2 32. Bd3 Bxd3 33. cxd3 a5 34. d4 a4 35. Rc7 a3 36. Ra7 Kf6 37. g3 Ke6 38. Kg2 Kd5 39. Rxe7 Rc2 40.
Rd7+ Ke4 41. Rxf7 a2 42. Ra7 Kxd4 43. Kf3 Kc3 44. Kg4 Rxf2 45. Kg5 Kb2 46. Kh6 Rf3 0-1

[Event "IRI-ch Men Final 2015"]
[Site "Tehran"]
[Date "2016.01.25"]
[Round "8"]
[White "Mousavi, Seyed Khalil"]
[Black "Noroozi, Omid"]
[Result "1/2-1/2"]
[ECO "A06"]
[WhiteElo "2425"]
[BlackElo "2399"]
[PlyCount "154"]
[EventDate "2016.??.??"]
[EventCountry "IRI"]
[TimeControl "40/5400+30:1800+30"]

1. Nf3 d5 2. g3 c6 3. Bg2 Bg4 4. c4 e6 5. Ne5 Bf5 6. cxd5 exd5 7. b3 Bd6 8.
Bb2 Nf6 9. O-O O-O 10. d3 Re8 11. Nf3 Nbd7 12. Nbd2 a5 13. Re1 Bc5 14. Nh4 Bg4 15. h3 Bh5 16. Ndf3 Qb6 17. e3 Bg6 18. Nd4 a4 19. Rb1 axb3 20.
axb3 Ra2 21. Ndf5 Ba3 22. Ba1 Ra8 23. Re2 Bc5 24. b4 Bf8 25.
Bd4 Qb5 26. Rxa2 Rxa2 27. e4 Ra3 28. Bf1 Qa4 29. Qe1 dxe4 30.
dxe4 Qc2 31. Bg2 Rb3 32. Ra1 Rxb4 33. Kh2 Ra4 34. Rxa4 Qxa4 35. e5 Bb4 36. Qe2 Ne8 37. e6 Ndf6 38. Qc4 Qb5 39. Qb3 c5 40. Bc3 fxe6 41. Nxg6 hxg6 42. Qxe6+ Kh7 43. Bxf6 Nxf6 44. Ne3 Qe2 45. Qc4 Qxf2 46. Nd5 Nh5 47. g4 Qg3+ 48. Kg1 Qe1+ 49. Qf1 Ng3 50. Qxe1 Bxe1 51. Nb6 c4 52. Nxc4 b5 53. Ne3 b4 54. Bd5 Kh6 55. Kg2 Kg5 56. Kf3 Bd2 57. Ng2 Nh1 58. Bc4 Kf6 59. Ke2 Bc3 60. h4 Ke5 61. Bd3 Ng3+ 62. Kf3 Kd4 63. Bxg6 Nf1 64. Nf4 Nd2+ 65. Ke2 b3 66. g5 b2 67. Bc2 b1=Q 68. Bxb1 Nxb1 69. Kf3 Ke5 70. Kg4 Nd2 71. h5 Nf1 72. Ng6+ Ke4 73. h6 Ne3+ 74. Kh5 gxh6 75. gxh6 Nd5 76. h7 Nf4+ 77. Nxf4 Kxf4 1/2-1/2